 Dungeon Crawl Stone Soup version 0.21.1-1-g345015f (webtiles) character file.

49 tidbits the Charmwright (level 3, 31/31 HPs)
             Began as a Gnoll Skald on June 22, 2018.
             Was a Follower of Elyvilon.
             Quit the game on level 2 of the Dungeon.
             The game lasted 00:04:04 (437 turns).

tidbits the Charmwright (Gnoll Skald)                Turns: 437, Time: 00:04:05

Health: 31/31      AC:  3    Str: 13    XL:     3   Next: 75%
Magic:  9/9        EV: 14    Int: 16    God:    Elyvilon [*.....]
Gold:   47         SH:  0    Dex: 14    Spells: 1/12 levels left

rFire    . . .     SeeInvis .   (no weapon)
rCold    . . .     Gourm    .   (no shield)
rNeg     . . .     Faith    .   B - +0 robe (curse)
rPois    .         Spirit   .   E - +1 hat
rElec    .         Reflect  .   (no cloak)
rCorr    .         Harm     .   (no gloves)
MR       .....                  (no boots)
Stlth    ++........             (no amulet)
HPRegen  0.10/turn              (no ring)
MPRegen  0.11/turn              (no ring)

@: no status effects
A: distributed training, fangs 1, strong nose
a: Lesser Healing, Divine Protection, Renounce Religion


You were on level 2 of the Dungeon.
You worshipped Elyvilon.
Elyvilon was aware of your devotion.
You were not hungry.

You visited 1 branch of the dungeon, and saw 2 of its levels.

You collected 47 gold pieces.

Inventory:

Hand Weapons
 a - a +0 hand axe
Missiles
 h - 8 javelins (quivered)
 j - 6 stones
 m - 22 arrows
Armour
 b - a +0 leather armour
 B - a cursed +0 robe (worn)
 E - a +1 hat (worn)
Scrolls
 f - a scroll of blinking {unknown}
 i - a scroll of enchant weapon {unknown}
 k - a scroll of immolation {unknown}
 l - a scroll of teleportation {unknown}
 n - a scroll of fog {unknown}
Potions
 e - a potion of flight {unknown}
 g - a potion of curing {unknown}
 o - a potion of lignification {unknown}
Books
 c - a book of Battle

   Spells                             Type                      Level
   a - Infusion                       Charms                       1
   b - Shroud of Golubria             Charms/Translocation         2
   c - Song of Slaying                Charms                       2
   d - Spectral Weapon                Hexes/Charms                 3
   e - Regeneration                   Charms/Necromancy            3
Comestibles
 d - 2 rations


   Skills:
 + Level 4.5 Fighting
 + Level 0.9 Short Blades
 + Level 0.9 Long Blades
 + Level 4.5 Axes
 + Level 0.9 Maces & Flails
 + Level 0.9 Polearms
 + Level 0.9 Staves
 + Level 0.9 Slings
 + Level 0.9 Bows
 + Level 0.9 Crossbows
 + Level 0.9 Throwing
 + Level 2.6 Armour
 + Level 4.5 Dodging
 + Level 0.9 Stealth
 + Level 0.9 Shields
 + Level 0.9 Unarmed Combat
 + Level 5.0 Spellcasting
 + Level 0.6 Conjurations
 + Level 0.6 Hexes
 + Level 5.4 Charms
 + Level 0.6 Summonings
 + Level 0.6 Necromancy
 + Level 0.6 Translocations
 + Level 0.6 Transmutations
 + Level 0.6 Fire Magic
 + Level 0.6 Ice Magic
 + Level 0.6 Air Magic
 + Level 0.6 Earth Magic
 + Level 0.6 Poison Magic
 + Level 1.0 Invocations
 + Level 0.9 Evocations


You had one spell level left.
You knew the following spells:

 Your Spells              Type           Power        Failure   Level  Hunger
g - Shroud of Golubria    Chrm/Tloc      ##........   7%          2    #......
i - Infusion              Chrm           ###.         1%          1    None
r - Regeneration          Chrm/Necr      ##........   13%         3    ###....
w - Spectral Weapon       Hex/Chrm       ##......     13%         3    ###....
y - Song of Slaying       Chrm           ###.....     2%          2    #......


Dungeon Overview and Level Annotations

Branches:
Dungeon (2/15)

Altars:
Elyvilon


Innate Abilities, Weirdness & Mutations

Your experience applies equally to all skills.
You have very sharp teeth.
Your uncanny sense of smell can sniff out nearby items.


Message History

a short sword; 3 stones; a short sword; a kobold corpse
There is a stone staircase leading down here.
You climb downwards.
A hobgoblin opens the door.
There is a stone staircase leading up here.
You see here 2 stones.
Unknown command.
The hobgoblin throws a stone.
The stone barely misses you.
You see here a stone.
Found a ration.
You see here a ration.
d - 2 rations (gained 1)
Casting: Spectral Weapon
Confirm with . or Enter, or press ? or * to list all spells.
You start singing a song of slaying.
The hobgoblin throws a stone.
The stone hits you but does no damage.
Throwing (i - inventory. (,) - cycle):
h - 8 javelins (quivered)
Press: ? - help, Shift-Dir - straight line, f - hobgoblin
Aim: a hobgoblin, wielding a club You throw a javelin.
The javelin barely misses the hobgoblin.
Throwing (i - inventory. (,) - cycle):
h - 7 javelins (quivered)
Press: ? - help, Shift-Dir - straight line, f/p - hobgoblin
Aim: a hobgoblin, wielding a club You throw a javelin.
The javelin barely misses the hobgoblin.
The hobgoblin throws a stone.
The stone misses you.
The hobgoblin throws a stone.
The stone hits you but does no damage.
Throwing (i - inventory. (,) - cycle):
h - 6 javelins (quivered)
Press: ? - help, Shift-Dir - straight line, f/p - hobgoblin
Aim: a hobgoblin, wielding a club You throw a javelin.
The javelin hits the hobgoblin!
You kill the hobgoblin!
Items here: ! $ (( ) a club; 4 stones; a fuming brown potion; 12 gold pieces; 2 javelins
h - 7 javelins (gained 2);
j - 6 stones (gained 4);
o - a fuming brown potion You now have 47 gold pieces (gained 12).
You see here a javelin.
h - 8 javelins (gained 1)
Found a plate armour.
Unknown command.
Your song is almost over.
You see here a plate armour.
Your song has ended.
Found a hunting sling.
You see here a hunting sling.
A worm comes into view.
Throwing (i - inventory. (,) - cycle):
h - 8 javelins (quivered)
Press: ? - help, Shift-Dir - straight line, f - worm
Aim: a worm You throw a javelin.
The javelin hits the worm!
The worm is heavily wounded.
Throwing (i - inventory. (,) - cycle):
h - 7 javelins (quivered)
Press: ? - help, Shift-Dir - straight line, f/p - worm
Aim: a worm (moderately wounded)
You throw a javelin. The javelin hits the worm.
The worm is severely wounded.
Throwing (i - inventory. (,) - cycle):
h - 6 javelins (quivered)
Press: ? - help, Shift-Dir - straight line, f/p - worm
Aim: a worm (severely wounded)
You throw a javelin. The javelin hits the worm.
The worm is severely wounded.
Throwing (i - inventory. (,) - cycle):
h - 5 javelins (quivered)
Press: ? - help, Shift-Dir - straight line, f/p - worm
Aim: a worm (severely wounded)
You throw a javelin. The javelin hits the worm!
You kill the worm!
Found a robe.
Things that are here:
a javelin; a worm corpse
h - 5 javelins (gained 1)
You see here a javelin.
h - 6 javelins (gained 1) Autopickup is now on.
h - 7 javelins (gained 1)
h - 8 javelins (gained 1) Autopickup is now off.
A quokka comes into view.
Throwing (i - inventory. (,) - cycle):
h - 8 javelins (quivered)
Press: ? - help, Shift-Dir - straight line, f - quokka
Aim: a quokka (resting)
You throw a javelin. The javelin hits the quokka!
You kill the quokka!
You see here a robe.
Things that are here:
a javelin; a quokka corpse
h - 8 javelins (gained 1)
A frilled lizard comes into view.
The frilled lizard hisses angrily.
Unknown command.
Found a faded altar of an unknown god.
You are now empty-handed.
There is a faded altar of an unknown god here.
You cannot tell which god this altar belongs to.
Convert to them anyway? [Y]es or [N]o only, please.
You cannot tell which god this altar belongs to.
Convert to them anyway?
Elyvilon accepts your prayer! Elyvilon welcomes you!
You can now provide lesser healing for yourself.
You can now call on Elyvilon to save your life.
Are you sure you want to abandon this character and quit the game? (Confirm with "yes".)

#.# #....# #.#g## . #.#
#...)# #'#.# .. #.# #....#
....# ... #.# #....# ...
#... #.# #....# ... #...
#.# #....# #.# #...(# #####
#.# #....# ##.⌠P### #.#
#...(# #♣8.@...# #.# ######
#.8.....# #[# #.8.l...# #.#
####.########+## #.#
♣......l........ #.#
##.8P......PP.8.
#.################.8....###
...)....†......[.###..###
################...#..#


You could see a frilled lizard.

Vanquished Creatures
  3 adders (D:2)
  A worm (D:2)
  5 hobgoblins
  A quokka (D:2)
  2 bats
  2 goblins (D:2)
  5 kobolds
  A rat (D:1)
20 creatures vanquished.

Notes
Turn   | Place    | Note
-------+----------+-------------------------------------------
     0 | D:1      | tidbits the Gnoll Skald began the quest for the Orb.
     0 | D:1      | Reached XP level 1. HP: 20/20 MP: 6/6
    90 | D:2      | Reached XP level 2. HP: 26/26 MP: 3/7
    94 | D:2      | Learned a level 2 spell: Song of Slaying
    97 | D:2      | Learned a level 2 spell: Shroud of Golubria
   176 | D:2      | Reached XP level 3. HP: 23/31 MP: 7/9
   178 | D:2      | Reached skill level 5 in Spellcasting
   201 | D:2      | Learned a level 3 spell: Regeneration
   207 | D:2      | Learned a level 3 spell: Spectral Weapon
   300 | D:1      | Reached skill level 1 in Invocations
   430 | D:2      | Found a faded altar of an unknown god.
   436 | D:2      | Became a worshipper of Elyvilon the Healer
   436 | D:2      | Reached * piety under Elyvilon
   437 | D:2      | Quit the game

Skill      XL: |  1  2  3 |
---------------+----------+-----
Spellcasting   | 5 |  5.0
Invocations    | 1 |  1.0
Fighting       | |  4.5
Short Blades   | |  0.9
Long Blades    | |  0.9
Axes           | |  4.5
Maces & Flails | |  0.9
Polearms       | |  0.9
Staves         | |  0.9
Slings         | |  0.9
Bows           | |  0.9
Crossbows      | |  0.9
Throwing       | |  0.9
Armour         | |  2.6
Dodging        | |  4.5
Stealth        | |  0.9
Shields        | |  0.9
Unarmed Combat | |  0.9
Conjurations   | |  0.6
Hexes          | |  0.6
Charms         | |  5.4
Summonings     | |  0.6
Necromancy     | |  0.6
Translocations | |  0.6
Transmutations | |  0.6
Fire Magic     | |  0.6
Ice Magic      | |  0.6
Air Magic      | |  0.6
Earth Magic    | |  0.6
Poison Magic   | |  0.6
Evocations     | |  0.9

Action                   || total
-------------------------++-------
Melee: Hand axe          ||    40
       Bite              ||     2
Throw: Javelin           ||    14
 Cast: Infusion          ||     2
       Song of Slaying   ||     5
       Spectral Weapon   ||     2
       Regeneration      ||     1
Armor: Leather armour    ||    18
Dodge: Dodged            ||    31

Table legend:
 A = Turns spent in this place as a percentage of turns spent in the entire game.
 B = Non-inter-level travel turns spent in this place as a percentage of non-inter-level travel turns spent in the entire game.
 C = Inter-level travel turns spent in this place as a percentage of turns spent in this place.
 D = Turns resting spent in this place as a percentage of non-inter-level travel turns spent in this place.
 E = Turns spent auto-exploring this place as a percentage of non-inter-level travel turns spent in this place.
 F = Non-inter-level travel turns spent in this place divided by the number of levels of this place that you've seen.
                   A       B       C       D       E      F
               +-------+-------+-------+-------+-------+----------------------
         Total | 100.0 | 100.0 |   0.0 |   0.0 |   0.0 | 218.5
       Dungeon | 100.0 | 100.0 |   0.0 |   0.0 |   0.0 | 218.5
               +-------+-------+-------+-------+-------+----------------------

Table legend:
 A = Kills in this place as a percentage of kills in entire the game.
 B = Kills by you in this place as a percentage of kills by you in the entire game.
 C = Kills by friends in this place as a percentage of kills by friends in the entire game.
 D = Other kills in this place as a percentage of other kills in the entire game.
 E = Experience gained in this place as a percentage of experience gained in the entire game.
 F = Experience gained in this place divided by the number of levels of this place that you have seen.
                   A       B       C       D       E      F
               +-------+-------+-------+-------+-------+----------------------
         Total | 100.0 | 100.0 |   N/A |   N/A | 100.0 |  35.0
       Dungeon | 100.0 | 100.0 |   N/A |   N/A | 100.0 |  35.0
               +-------+-------+-------+-------+-------+----------------------

Vault maps used:
D:1:      nzn_arrival_depleted_hourglass
D:2:      chequers_ecumenical_altar_lobes, kennysheep_boxes
